 Dungeon Crawl Stone Soup version 0.22-a0-565-gfc6459a524 (webtiles) character file.

432 Kholdaimon the Shield-Bearer (level 7, -3/54 HPs)
             Began as a Formicid Fighter on June 28, 2018.
             Slain by Natasha (4 damage)
             ... on level 3 of the Dungeon.
             The game lasted 00:11:38 (2932 turns).

Kholdaimon the Shield-Bearer (Formicid Fighter)     Turns: 2932, Time: 00:11:39

Health: -3/54      AC:  7    Str: 26    XL:     7   Next: 20%
Magic:  7/7        EV:  9    Int:  9    God:
Gold:   70         SH: 11    Dex: 10    Spells: 6/6 levels left

rFire    . . .     SeeInvis +   a - +0 war axe
rCold    . . .     Gourm    .   c - +0 shield
rNeg     . . .     Faith    .   b - +0 scale mail
rPois    .         Spirit   .   (helmet unavailable)
rElec    .         Reflect  .   (no cloak)
rCorr    .         Harm     .   (no gloves)
MR       .....                  (no boots)
Stlth    ..........             (no amulet)
HPRegen  0.18/turn              (no ring)
MPRegen  0.10/turn              (no ring)

@: mighty
A: permanent stasis, dig shafts and tunnels, four strong arms, antennae 3
a: Dig, Shaft Self


You were on level 3 of the Dungeon.
You were near starving.

You visited 1 branch of the dungeon, and saw 3 of its levels.

You collected 70 gold pieces.

Inventory:

Hand Weapons
 a - a +0 war axe (weapon)
Missiles
 e - 29 arrows
 i - 104 stones (quivered)
 j - 35 poisoned needles
 s - 23 sling bullets
 t - 8 tomahawks
 x - 21 bolts
Armour
 b - a +0 scale mail (worn)
 c - a +0 shield (worn)
Jewellery
 z - a +4 ring of intelligence {unknown}
Wands
 v - a wand of scattershot (8)
Scrolls
 h - a scroll of enchant armour {unknown}
 k - 2 scrolls of enchant weapon {unknown}
 n - 2 scrolls of fog {unknown}
 o - 5 scrolls of identify {unknown}
 p - 3 scrolls of remove curse {unknown}
 q - 3 scrolls of amnesia {unknown}
 y - a scroll of fear {unknown}
Potions
 d - 2 potions of might
 l - a potion of degeneration {unknown}
 m - 5 potions of curing
 r - a potion of magic {unknown}
 u - a potion of agility
 w - a potion of ambrosia {unknown}
Comestibles
 f - a ration


   Skills:
 - Level 4.1 Fighting
 * Level 4.5 Axes
 + Level 4.5 Armour
 * Level 6.1 Shields


You had 6 spell levels left.
You didn't know any spells.
Your spell library was empty.

Dungeon Overview and Level Annotations

Branches:
Dungeon (3/15)

Altars:
Ashenzari

Annotations:
D:3 Natasha


Innate Abilities, Weirdness & Mutations

You cannot be hasted, slowed, berserked, paralysed or teleported.
You can dig through walls and to a lower floor.
Your four strong arms can wield two-handed weapons with a shield.
You have a pair of large antennae on your head. (SInv)


Message History

* * * LOW HITPOINT WARNING * * *
The shadow imp hits you.
* * * LOW HITPOINT WARNING * * *
Natasha barely misses you.
You barely miss the shadow imp.
The shadow imp is moderately wounded.
The shadow imp disappears in a puff of smoke!
Natasha barely misses you.
You closely miss Natasha.
Natasha is heavily wounded.
Natasha claws you but does no damage.
You closely miss Natasha.
Natasha is heavily wounded.
Natasha casts a spell at you. The magic dart hits you!
* * * LOW HITPOINT WARNING * * *
You slash Natasha!
Natasha is almost dead.
Natasha claws you.
You die...

#.. #.# #.#
############ #.#
#..........# #.#
#.########.# #.# #.#
###.### #.# #.#
##.....###.#
#@#####.#.........
#h#.........####.#
**######..#.#..##..#
#.#
*,.......<..#.#.5.##
#[#
*,######..###.###)#
#.# *,*
#.#.,...,#.#***#.#
****,*
*#......#,...,,,..#
*,,,,*
*........,>..,***.#
*,****
#.######.*###,***,*


You could see Natasha.

Vanquished Creatures
  Sigmund (D:3)
  A phantom (D:3)
  Ijyb (D:3)
  Natasha (twice) (D:3)
  3 adders (D:2)
  A worm (D:2)
  3 dart slugs
  3 leopard geckos
  4 orcs
  10 bats
  3 giant cockroaches
  8 goblins
  8 hobgoblins
  8 jackals
  3 frilled lizards
  10 kobolds
  10 rats
79 creatures vanquished.

Notes
Turn   | Place    | Note
-------+----------+-------------------------------------------
     0 | D:1      | Kholdaimon the Formicid Fighter began the quest for the Orb.
     0 | D:1      | Reached XP level 1. HP: 18/18 MP: 1/1
    59 | D:1      | Reached XP level 2. HP: 24/24 MP: 2/2
   247 | D:1      | Reached skill level 4 in Shields
   302 | D:1      | Reached XP level 3. HP: 22/29 MP: 3/3
   890 | D:2      | Reached XP level 4. HP: 34/36 MP: 4/4
  1437 | D:2      | Reached XP level 5. HP: 36/42 MP: 5/5
  1682 | D:3      | Noticed Ijyb
  1707 | D:3      | Killed Ijyb
  1851 | D:3      | Found a shattered altar of Ashenzari.
  1876 | D:3      | Noticed a phantom
  1929 | D:3      | Killed a phantom
  1929 | D:3      | Reached skill level 5 in Shields
  1929 | D:3      | Reached XP level 6. HP: 34/48 MP: 6/6
  2058 | D:3      | Noticed Sigmund
  2079 | D:3      | Killed Sigmund
  2079 | D:3      | Reached skill level 6 in Shields
  2079 | D:3      | Reached XP level 7. HP: 41/54 MP: 7/7
  2369 | D:3      | Noticed Natasha
  2376 | D:3      | Killed Natasha
  2516 | D:3      | Noticed Natasha
  2533 | D:3      | Killed Natasha
  2903 | D:3      | Noticed Natasha
  2931 | D:3      | HP: 1/54 [Natasha/magic dart (7)]
  2932 | D:3      | Slain by Natasha

Vault maps used:
D:1:      elethiomel_arrival_shortcut, minmay_pentomino_x4
D:2:      skrybe_limestone_x
D:3:      ashenzari_conservatory_becter, uniq_ijyb, uniq_sigmund, uniq_natasha

Skill      XL: |  1  2  3  4  5  6 |
---------------+-------------------+-----
Shields        | 4 5 6 |  6.1
Axes           | 3 4 |  4.5
Fighting       | 4 |  4.1
Armour         | 4 |  4.5

Action                   |  1- 3 |  4- 6 |  7- 9 || total
-------------------------+-------+-------+-------++-------
Melee: War axe           |    81 |   152 |    39 ||   272
Throw: Stone             |     3 |    10 |       ||    13
  Use: Potion            |       |       |     1 ||     1
  Eat: Chunk             |       |     4 |     1 ||     5
Armor: Scale mail        |    45 |    61 |    14 ||   120
Dodge: Dodged            |    24 |    51 |    15 ||    90
Block: Shield            |    45 |    68 |    15 ||   128

Table legend:
 A = Spawn XP
 B = Non-spawn XP
 C = Spawn XP percentage of total XP
 D = Spawn monster count
 E = Non-spawn monster count
 F = Spawn count percentage of total count
 G = Total turns spent on level
                    A         B        C        D         E        F      G
               +---------+---------+-------+---------+---------+-------+---------
         Total |       0 |     618 |   0.0 |       0 |      79 |   0.0 |  2932
               +---------+---------+-------+---------+---------+-------+---------
           D:1 |       0 |      37 |   0.0 |       0 |      22 |   0.0 |   696
           D:2 |       0 |     107 |   0.0 |       0 |      35 |   0.0 |   898
           D:3 |       0 |     474 |   0.0 |       0 |      22 |   0.0 |  1338
               +---------+---------+-------+---------+---------+-------+---------
